 Dungeon Crawl Stone Soup version 0.19-a0-1851-g3228ea0 (webtiles) character file.

125 rgaf the Cudgeler (level 4, 0/35 HPs)
             Began as a Mummy Fighter on Oct 11, 2016.
             Slain by a gnoll
             ... wielding a +0 spear
              (7 damage)
             ... on level 2 of the Dungeon.
             The game lasted 00:02:22 (2264 turns).

rgaf the Cudgeler (Mummy Fighter)                   Turns: 2264, Time: 00:02:22

Health: 0/35       AC:  8    Str: 20    XL:     4   Next: 82%
Magic:  4/4        EV:  7    Int:  7    God:
Gold:   143        SH:  8    Dex: 11    Spells: 0 memorised, 3 levels left

rFire  x . .     SeeInvis .     a - +0 flail
rCold  + . .     Gourm    .     b - +0 scale mail
rNeg   + + +     Faith    .     c - +0 shield
rPois  ∞         Spirit   .     (no helmet)
rElec  .         Dismiss  .     i - +0 cloak
rCorr  .         Reflect  .     (no gloves)
MR     .....     Harm     .     l - +0 pair of boots (curse)
Stlth  ..........               (no amulet)
                                (no ring)
                                (no ring)

@: no status effects
A: no food or potions, fire vulnerability, cold resistance 1, negative energy
resistance 3, torment resistance, unbreathing
a: no special abilities


You were on level 2 of the Dungeon.
You were not hungry.

You visited 1 branch of the dungeon, and saw 3 of its levels.

You collected 143 gold pieces.

Inventory:

Hand Weapons
 a - a +0 flail (weapon)
Armour
 b - a +0 scale mail (worn)
 c - a +0 shield (worn)
 i - a +0 cloak (worn)
 l - a cursed +0 pair of boots (worn)
Scrolls
 d - a scroll of immolation {unknown}
 e - 2 scrolls of identify {unknown}
 f - a scroll of enchant weapon {unknown}
 g - a scroll of remove curse {unknown}
 h - a scroll of fear {unknown}
 j - a scroll of recharging {unknown}
 k - a scroll of enchant armour {unknown}
 m - a scroll of teleportation {unknown}


   Skills:
 - Level 3.0 Fighting
 * Level 4.1 Maces & Flails
 - Level 2.5 Armour
 - Level 2.4 Shields


You had 3 spell levels left.
You didn't know any spells.

Dungeon Overview and Level Annotations

Branches:
Dungeon (3/15)

Altars:


Innate Abilities, Weirdness & Mutations

You do not eat or drink.
Your flesh is vulnerable to fire.
You are immune to poison.
Your flesh is cold resistant. (rC+)
You are immune to negative energy. (rN+++)
You are immune to unholy pain and torment.
You can survive without breathing.


Message History

Your shield prevents you from hitting the orc.
You block the gnoll's attack. The orc hits you with a mace.
You hit the orc.
The orc is severely wounded.
The gnoll hits you but does no damage. The orc hits you but does no damage.
The gnoll hits you from afar with a spear.
Your shield and scale mail prevent you from hitting the orc.
The orc is severely wounded.
The orc barely misses you. The gnoll hits you but does no damage.
You hit the orc but do no damage.
The orc is severely wounded.
You block the orc's attack. The gnoll hits you but does no damage.
You sock the orc!
You kill the orc!
The gnoll barely misses you.
The gnoll hits you from afar with a spear.
The gnoll hits you from afar with a spear!
* * * LOW HITPOINT WARNING * * *
The gnoll hits you with a spear!
You die...

#.# #.# #######.......# #.#
#.#### #.....<.......#
#.#######....# #.............#
#.......'....# #.............#
#########....# #######.......#
##......#....# ##.######
##.####.#..>)# #.#
##.#....#.).>#############.#
..............gg@.......##.#
.#)#..#.#....#############.#
.#.#....#....# #.# ....#...#....#
#.# .#......'....# #.#
......#.#....# #.#
.#...!#.#....#############)#
.#.#.##.#.###............#.######
.#.#.##.#.###....................


You could see 2 gnolls.

Vanquished Creatures
  Ijyb (D:2)
  A gnoll (D:3)
  2 adders (D:2)
  A worm (D:2)
  2 dart slugs
  2 leopard geckos
  3 orcs (D:2)
  2 bat zombies (D:1)
  2 giant cockroaches
  9 goblins
  10 hobgoblins
  2 jackals (D:3)
  A ball python (D:1)
  9 bats
  3 frilled lizards
  3 kobolds (D:3)
  2 rats (D:1)
55 creatures vanquished.

Notes
Turn   | Place    | Note
-------+----------+-------------------------------------------
     0 | D:1      | rgaf the Mummy Fighter began the quest for the Orb.
     0 | D:1      | Reached XP level 1. HP: 18/18 MP: 1/1
    40 | D:1      | Reached skill level 2 in Maces & Flails
   190 | D:1      | Reached XP level 2. HP: 24/24 MP: 2/2
  1047 | D:2      | Noticed Ijyb
  1057 | D:2      | Killed Ijyb
  1057 | D:2      | Reached skill level 3 in Maces & Flails
  1057 | D:2      | Reached XP level 3. HP: 28/29 MP: 3/3
  1106 | D:2      | Reached XP level 4. HP: 34/35 MP: 4/4
  2030 | D:3      | Reached skill level 4 in Maces & Flails
  2264 | D:2      | Slain by a gnoll

Vault maps used:
D:1:      saegor_arrival_fortress
D:2:      hangedman_decor_clover_reticule, hex_medium, uniq_iyjb
D:3:      uniq_grinder

Skill      XL: |  1  2  3  4 |
---------------+-------------+-----
Maces & Flails | 2 3 4 |  4.1
Fighting       | |  3.0
Armour         | |  2.5
Shields        | |  2.4

Action                   |  1- 3 |  4- 6 || total
-------------------------+-------+-------++-------
Melee: Flail             |   132 |   111 ||   243
Armor: Scale mail        |   106 |    60 ||   166
Dodge: Dodged            |    58 |    52 ||   110
Block: Shield            |    79 |    57 ||   136
